Map: Kairoskreuz LE

Players

Ultralick

  • Race: Terran Terran
  • League: Diamond
  • Spawn Location: 11:00

Karnigel - Winner!

  • Race: Zerg Zerg
  • League: Platinum
  • Spawn Location: 5:00

VOD

Have the link to the VOD?

Description

Time

  • Played on: Jan. 5, 2019, 6:38 a.m.
  • Length: 16:43
Show
View Real Time Build Order
Export as new Build Order

Ultralick Terran 

Build Orders: Reaper Expand 

Get SALT Encoding   

  12  0:00  SCV  
  13  0:12  SCV  
  14  0:17  Supply Depot  
  14  0:24  SCV  
  15  0:39  SCV, Barracks  
  16  0:44  Refinery  
  16  0:51  SCV  
  17  1:03  SCV  
  18  1:15  SCV  
  19  1:31  Reaper  
  19  1:32  Orbital Command  
  20  1:41  Command Center  
  20  1:53  Refinery  
  20  1:58  SCV  
  21  2:05  Factory  
  21  2:11  Supply Depot  
  21  2:12  SCV  
  22  2:24  SCV  
  22  2:25  Barracks Reactor  
  23  2:36  SCV  
  24  2:48  SCV  
  25  3:00  Orbital Command  
  25  3:06  SCV  
  25  3:10  Starport  
  25  3:11  Hellion  
  30  3:15  Barracks Tech Lab  
  30  3:18  SCV  
  31  3:21  Factory  
  31  3:30  SCV x2  
  31  3:34  Hellion x2  
  35  3:37  Marine  
  36  3:42  SCV x2  
  38  3:51  Viking  
  38  3:55  Hellion  
  42  4:06  Command Center  
  42  4:08  Supply Depot  
  42  4:12  Supply Depot  
  42  4:24  Barracks Tech Lab  
  42  4:28  SCV x2  
  42  4:29  Mag-Field Accelerator  
  44  4:32  Supply Depot  
  44  4:36  Hellion x2  
  48  4:41  Cyclone  
  48  4:42  SCV x2  
  53  4:51  Fusion Core  
  53  4:58  Refinery, Barracks Tech Lab  
  53  5:00  Refinery  
  53  5:19  Orbital Command  
  53  5:20  SCV x2  
  55  5:28  Armory  
  55  5:32  SCV  
  56  5:37  Hellion x2, SCV  
  56  5:41  Armory  
  61  5:44  SCV  
  61  5:49  SCV  
  63  5:50  SCV  
  63  5:56  SCV, Battlecruiser  
  71  6:02  SCV  
  72  6:11  Cyclone  
  75  6:12  Hellion x2  
  35  6:55  SCV x3  
  38  7:07  SCV x3  
  41  7:17  Hellion  
  41  7:18  Hellion, Cyclone  
  41  7:19  SCV x2  
  50  7:23  Terran Vehicle Weapons Level 1  
  50  7:25  Factory  
  50  7:26  SCV  
  51  7:31  SCV x2  
  53  7:38  SCV  
  50  7:57  Hellion, Cyclone  
  50  7:58  Hellion, SCV x3  
  56  8:10  SCV x3  
  56  8:12  Cyclone  
  62  8:22  SCV x3  
  65  8:28  Hellion x2  
  69  8:34  SCV x3  
  69  8:36  Terran Vehicle And Ship Armor Level 1  
  55  8:53  Hellion x2  
  30  9:05  SCV  
  31  9:18  SCV  
  31  9:19  SCV x2  
  34  9:34  SCV x3  
  37  9:40  Supply Depot  
  37  9:41  Supply Depot  
  37  9:46  SCV x3  
  37  9:47  Widow Mine x2  
  42  10:09  Cyclone x2  
  42  10:11  Hellion x2  
  46  10:18  SCV x2  
  46  10:21  SCV  
  49  10:30  SCV x2  
  49  10:33  SCV  
  49  10:34  Hellion x2  
  56  10:42  SCV x2  
  58  10:45  SCV  
  59  10:54  SCV  
  59  10:55  SCV  
  61  10:57  SCV  
  61  11:02  Infernal Pre-Igniter  
  62  11:14  SCV x3  
  65  11:32  Orbital Command  
  39  11:53  Command Center  
  36  11:56  Command Center  
  36  11:57  Cyclone x2  
  36  11:59  Hellion  
  44  12:03  Hellion  
  46  12:34  Hellion x2  
  46  12:37  Thor  
  50  12:38  SCV  
  50  12:39  SCV  
  58  12:50  SCV  
  40  13:17  Orbital Command, Hellion x2  
  38  13:32  Barracks  
  38  13:45  SCV  
  39  13:51  Orbital Command  
  21  14:11  SCV x3  
  24  14:23  Supply Depot  
  24  14:49  Engineering Bay  
  24  14:51  Hellion x2  
  24  14:52  SCV x2  
  30  15:05  Orbital Command  
  30  15:19  Cyclone  
  30  15:21  Sensor Tower  
  33  15:23  SCV x2  
  35  15:32  SCV x2  
  37  15:51  Cyclone  
  37  15:52  Hellion x2  
  34  16:15  Hellion x2  
Show
View Real Time Build Order
Export as new Build Order

Karnigel Zerg - Winner!

Build Orders: Pool First, Muta Ling Bane 

Get SALT Encoding   

  12  0:17  Drone  
  12  0:18  Drone  
  14  0:28  Overlord  
  14  0:39  Spawning Pool, Drone  
  14  0:46  Drone  
  15  0:50  Drone  
  16  1:01  Drone  
  17  1:20  Drone  
  17  1:21  Hatchery  
  17  1:25  Queen  
  17  1:29  Drone  
  20  1:35  Extractor  
  20  1:37  Overlord  
  19  1:45  Zergling x2  
  20  1:54  Drone  
  21  2:04  Queen  
  21  2:06  Drone  
  24  2:16  Zergling x2  
  24  2:33  Queen  
  24  2:34  Drone x2  
  24  2:35  Drone x3  
  31  2:54  Spine Crawler  
  31  2:58  Drone  
  31  2:59  Drone x3  
  34  3:07  Drone  
  34  3:10  Overlord x2  
  35  3:15  Overlord  
  35  3:27  Queen  
  35  3:28  Drone x4  
  35  3:29  Drone  
  35  3:34  Metabolic Boost  
  42  3:40  Evolution Chamber  
  41  3:43  Drone  
  41  3:44  Drone x2  
  44  3:57  Drone x2  
  44  3:58  Drone x2  
  44  3:59  Extractor  
  44  4:01  Extractor  
  46  4:05  Overlord  
  46  4:12  Hatchery, Overlord  
  45  4:17  Drone x3  
  45  4:20  Lair  
  45  4:23  Zerg Melee Weapons Level 1  
  48  4:34  Drone x2  
  48  4:35  Drone  
  51  4:39  Zergling x8  
  55  4:45  Pneumatized Carapace  
  55  4:47  Evolution Chamber  
  55  4:49  Overlord  
  55  4:51  Overlord  
  54  4:59  Spore Crawler  
  53  5:01  Spore Crawler  
  53  5:06  Drone x2  
  53  5:07  Baneling Nest  
  53  5:14  Drone x5  
  58  5:26  Zergling x2  
  58  5:27  Zergling x16  
  67  5:32  Zerg Ground Armor Level 1  
  67  5:40  Queen  
  69  5:45  Drone x4  
  73  5:50  Baneling x7  
  73  5:51  Baneling x2  
  73  6:00  Zergling x14  
  80  6:05  Spine Crawler  
  74  6:43  Centrifical Hooks  
  72  6:52  Zerg Melee Weapons Level 2  
  66  6:56  Hatchery  
  66  6:59  Overlord  
  66  7:00  Hatchery  
  66  7:01  Overlord  
  64  7:04  Zergling x12  
  64  7:05  Zergling x8  
  74  7:08  Baneling x2  
  74  7:09  Baneling x3  
  74  7:10  Baneling  
  74  7:12  Overlord  
  74  7:13  Overlord  
  74  7:31  Overlord x2  
  74  7:32  Overlord  
  74  7:38  Extractor  
  74  7:39  Zergling x2  
  74  7:40  Zergling x20  
  82  7:49  Drone x5  
  82  8:04  Drone x6  
  88  8:05  Queen  
  90  8:15  Baneling  
  90  8:16  Baneling x18  
  90  8:22  Spore Crawler  
  90  8:26  Spire  
  49  9:04  Queen x4  
  49  9:05  Hydralisk Den, Queen  
  58  9:12  Extractor  
  57  9:28  Spire  
  57  9:30  Zerg Ground Armor Level 2  
  56  9:38  Mutalisk  
  56  9:39  Mutalisk  
  56  9:40  Queen  
  56  9:41  Overlord x4  
  56  9:44  Zergling x2  
  56  9:45  Zergling x50  
  83  9:46  Zergling x2  
  83  9:50  Drone x2  
  91  9:55  Extractor  
  91  9:58  Overlord x2  
  82  10:13  Drone x3  
  85  10:16  Spine Crawler  
  85  10:18  Spine Crawler  
  85  10:20  Baneling  
  85  10:21  Baneling x7  
  83  10:22  Baneling x2  
  83  10:25  Drone x2  
  85  10:38  Zerg Missile Weapons Level 1  
  85  10:39  Zerg Flyer Weapons Level 1  
  85  10:41  Overlord  
  85  11:04  Baneling x5  
  85  11:05  Baneling x4  
  85  11:08  Overseer  
  85  11:16  Baneling x3  
  60  11:53  Zergling x10  
  60  11:54  Zergling x46  
  72  11:55  Zergling x2  
  85  12:02  Infestation Pit, Overseer  
  85  12:08  Drone x3  
  87  12:25  Spore Crawler  
  86  12:30  Drone  
  86  12:31  Drone x2  
  89  12:37  Hatchery  
  89  12:41  Overlord  
  89  12:42  Overlord  
  89  12:43  Overlord  
  88  12:50  Hive  
  79  13:13  Zergling x24  
  79  13:14  Zergling x2  
  85  13:50  Zergling x2  
  85  13:51  Zergling x40  
  105  14:02  Adrenal Glands  
  80  14:10  Zergling x6  
  80  14:11  Zergling x2, Ultralisk Cavern  
  80  14:12  Baneling  
  80  14:13  Baneling  
  80  14:14  Baneling  
  80  14:15  Baneling  
  80  14:16  Baneling x2  
  83  14:17  Baneling  
  83  14:18  Baneling  
  83  14:19  Baneling  
  83  14:33  Drone x7  
  90  14:41  Baneling x3  
  90  14:42  Baneling  
  90  15:16  Drone  
  90  15:17  Drone x13  
  104  15:30  Zergling x2  
  104  15:31  Zergling x18  
  114  15:42  Baneling  
  114  15:43  Baneling x4  
  114  15:44  Baneling x2  
  97  16:12  Zergling x26  
  97  16:13  Zergling x36  
Tags
 
Add a new tag
Caveats
  • Supply blocks, unpowered buildings, or Contaminate may cause inaccurate times.
  • Supply counts are checked every 10 seconds.